 Dungeon Crawl Stone Soup version 0.31-a0-988-g08d55dae12 (webtiles) character file.

Game seed: 873364779131224887

2616 GordonOverkill the Frost Mage (level 9, -3/53 (65) HPs)
             Began as a Merfolk Delver on Nov 4, 2023.
             Was a Follower of Vehumet.
             Slain by a wight
             ... wielding a +4 morningstar
              (7 damage)
             ... on level 8 of the Dungeon.
             The game lasted 00:21:52 (8839 turns).

GordonOverkill the Frost Mage (Merfolk Delver)      Turns: 8839, Time: 00:21:53

HP:   -3/53 (65)    AC: 14    Str: 12    XL:     9   Next: 60%
MP:   16/16         EV: 12    Int: 14    God:    Vehumet [*.....]
Gold: 391           SH:  0    Dex: 15    Spells: 10/18 levels left

rFire   . . .        q - +2 halberd
rCold   . . .        (shield currently unavailable)
rNeg    . . .        u - +3 leather armour {rPois}
rPois   +            l - +2 helmet
rElec   .            H - +0 cloak
rCorr   .            m - +0 pair of gloves
SInv    .            o - +2 pair of boots {rampage}
Will    .....        (no amulet)
Stlth   +++          i - ring of flight
HPRegen 0.28/turn    (no ring)
MPRegen 0.15/turn

%: rampage
@: flying, hasted, heavily drained, very quick
A: (nimble swimmer 2), mertail
a: Renounce Religion


You were on level 8 of the Dungeon.
You worshipped Vehumet.
Vehumet was aware of your devotion.
You visited 2 branches of the dungeon, and saw 9 of its levels.

You collected 411 gold pieces.
You spent 20 gold pieces at shops.

Inventory:

Hand Weapons
 a - a +0 spear
 q - a +2 halberd (weapon)
Armour
 l - a +2 helmet (worn)
 m - a +0 pair of gloves (worn)
 o - a +2 pair of boots of rampaging (worn)
 u - a +3 leather armour of poison resistance (worn)
 H - a +0 cloak (worn)
Jewellery
 i - a ring of flight (left hand)
 y - a ring of fire
 G - a ring of fire
 I - a ring of willpower
 J - a ring of wizardry
Wands
 b - a wand of flame (1)
 g - a wand of digging (3)
 B - a wand of iceblast (1)
Scrolls
 c - 2 scrolls of fog
 d - 3 scrolls of revelation
 h - 2 scrolls of immolation
 k - a scroll of silence {unknown}
 p - a scroll of amnesia
 s - a scroll of fear
 t - a scroll of torment {unknown}
 w - a scroll of teleportation {unknown}
 z - a scroll of blinking {unknown}
 C - a scroll of vulnerability {unknown}
 K - a scroll of brand weapon {unknown}
Potions
 f - a potion of haste
 j - 3 potions of heal wounds
 n - a potion of enlightenment
 r - 4 potions of curing
 v - a potion of attraction
 A - 2 potions of cancellation
 D - a potion of ambrosia
 E - a potion of lignification
 F - a potion of invisibility


   Skills:
 - Level 4.0 Fighting
 - Level 6.0 Polearms
 - Level 2.6 Dodging
 - Level 5.4 Stealth
 - Level 5.0 Spellcasting
 - Level 4.0 Conjurations
 - Level 8.0 Ice Magic
 + Level 4.0 Air Magic
 - Level 2.0 Poison Magic


You had 10 spell levels left.
You knew the following spells:

 Your Spells              Type           Power      Damage    Failure   Level
a - Freezing Cloud        Conj/Ice/Air   9%         6-21      56%         5
b - Mephitic Cloud        Conj/Pois/Air  12%        N/A       17%         3

Your spell library contained the following spells:

 Spells                   Type           Power      Damage    Failure   Level
 Sandblast                Erth           6%         2d5       22%         1
 Poisonous Vapours        Pois/Air       22%        N/A       10%         2
 Call Canine Familiar     Summ           3%         N/A       54%         3
 Sigil of Binding         Hex            3%         N/A       54%         3
 Dimensional Bullseye     Hex/Tloc       1%         N/A       91%         4
 Leda's Liquefaction      Hex/Erth       1%         N/A       91%         4


Dungeon Overview and Level Annotations

Branches:
Dungeon (8/15)             Temple (1/1) D:4
   Lair: D:8-11

Altars:
Ashenzari
Cheibriados
Dithmenos
Fedhas
Makhleb
Qazlal
Uskayaw
Vehumet
Wu Jian
Yredelemnul
Zin
The Shining One

Shops:
D:3 ?


Innate Abilities, Weirdness & Mutations

((You are very nimble when in or above water. (Stealth+, EV+, Speed+++)))
Your lower body shifts to a powerful aquatic tail in water.


Message History

The wight hits you with a +4 morningstar.
The wight hits you with a +4 mace.
You are too injured to fight recklessly!
You are too injured to fight recklessly!
You puncture the wight!
The wight is almost destroyed.
The wight hits you with a +4 morningstar!
* * * LOW HITPOINT WARNING * * *
You feel drained.
* * * LOW HITPOINT WARNING * * *
The wight hits you but does no damage.
You barely miss the wight.
The wight is almost destroyed.
The wight hits you but does no damage. The wight barely misses you.
Unknown command.
You closely miss the wight.
The wight is almost destroyed.
The wight misses you. The wight hits you with a +4 mace.
* * * LOW HITPOINT WARNING * * *
You feel drained.
* * * LOW HITPOINT WARNING * * *
The wight barely misses you. The wight hits you with a +4 mace.
* * * LOW HITPOINT WARNING * * *
You hit the wight but do no damage.
The wight is almost destroyed.
The wight hits you with a +4 morningstar!
* * * LOW HITPOINT WARNING * * *
You feel drained.
* * * LOW HITPOINT WARNING * * *
The wight closely misses you.
Okay, then.
You feel much better.
The wight hits you with a +4 morningstar!
* * * LOW HITPOINT WARNING * * *
You feel drained.
* * * LOW HITPOINT WARNING * * *
The wight closely misses you.
You feel yourself speed up.
The wight hits you with a +4 morningstar!
You die...

...$..# #......#
#......# #......#
##### #=.....#
....###### #......#
....#....###+##......#
....'....#......z..#
....#....#......@z.#
....#....#.........+
....#....#.........#
....#.(.)).........#
....#....#.........#
....#....###.....###
....#......#.....#
....+......#.....#
....#......#.....#


You could see 2 wights.

Vanquished Creatures
  A hornet (D:7)
  2 wyverns (D:7)
  A wraith (D:8)
  3 water moccasins
  An ice beast (D:6)
  An ogre (D:5)
  A centaur (D:7)
  A phantom (D:6)
  A kobold brigand (D:7)
  A gnoll sergeant (D:7)
  6 wights
  3 hounds (D:5)
  6 orc priests
  A gnoll bouda (D:5)
  4 jellies
  4 iguanas
  3 orc wizards
  16 gnolls
  4 adders
  A shadow imp (D:5)
  A worm (D:3)
  2 dart slugs
  15 orcs
  5 ball pythons
  4 bats
  2 endoplasms
  4 giant cockroaches
  9 hobgoblins
  8 jackals
  8 kobolds
  2 quokkas
  6 frilled lizards
  5 goblins
  5 rats
  A spectral orc (D:5)
138 creatures vanquished.

Notes
Turn   | Place    | Note
-------+----------+-------------------------------------------
     0 | D:5      | GordonOverkill the Merfolk Delver began the quest for the
                  | Orb.
     0 | D:5      | Reached XP level 1. HP: 18/18 MP: 1/1
    12 | D:7      | Noticed an orc wizard
    12 | D:7      | Noticed a jelly
    31 | D:7      | Noticed a wyvern
    36 | D:6      | Noticed an iguana
    57 | D:6      | Noticed an ice beast
   210 | D:2      | Reached XP level 2. HP: 24/24 MP: 2/2
   575 | D:1      | Reached XP level 3. HP: 29/29 MP: 4/4
   636 | D:1      | Reached skill level 1 in Spellcasting
  1413 | D:2      | Found a shadowy altar of Dithmenos.
  1541 | D:2      | Reached XP level 4. HP: 35/35 MP: 7/7
  1840 | D:2      | Found a shadowy altar of Dithmenos.
  2566 | D:3      | Reached skill level 1 in Ice Magic
  2633 | D:3      | Found Xesidub's Magic Scroll Shoppe.
  2642 | D:3      | Bought a scroll of identify for 20 gold pieces
  2943 | D:4      | Reached XP level 5. HP: 36/41 MP: 9/9
  2974 | D:4      | Reached skill level 2 in Ice Magic
  3104 | D:4      | Found a staircase to the Ecumenical Temple.
  3143 | Temple   | Entered the Ecumenical Temple
  3155 | Temple   | Became a worshipper of Vehumet
  3424 | D:5      | Noticed an ogre
  3440 | D:4      | Reached skill level 3 in Ice Magic
  3446 | D:4      | Learned a level 5 spell: Freezing Cloud
  3522 | D:5      | Killed an ogre
  3523 | D:5      | Reached skill level 1 in Air Magic
  3523 | D:5      | Reached XP level 6. HP: 11/47 MP: 10/10
  3685 | D:5      | Noticed a water moccasin
  3945 | D:5      | Reached skill level 1 in Conjurations
  4009 | D:5      | Killed a water moccasin
  4062 | D:5      | Reached skill level 4 in Ice Magic
  4062 | D:5      | Reached XP level 7. HP: 44/52 MP: 11/11
  4272 | D:5      | Reached skill level 5 in Ice Magic
  4440 | D:5      | Found a basalt altar of Yredelemnul.
  4475 | D:5      | Found a broken altar of Ashenzari.
  5053 | D:6      | Reached XP level 8. HP: 34/58 MP: 11/13
  5367 | D:6      | Reached * piety under Vehumet
  5367 | D:6      | Offered knowledge of Sandblast by Vehumet.
  5685 | D:6      | Reached skill level 6 in Ice Magic
  5997 | D:7      | Killed a wyvern
  6302 | D:7      | Reached skill level 5 in Polearms
  6425 | D:7      | Noticed a hornet
  6439 | D:7      | Killed a hornet
  6440 | D:7      | Reached skill level 5 in Spellcasting
  6440 | D:7      | Reached XP level 9. HP: 7/64 MP: 14/16
  7025 | D:7      | Reached skill level 7 in Ice Magic
  7159 | D:7      | Learned a level 3 spell: Mephitic Cloud
  7824 | D:7      | Reached skill level 8 in Ice Magic
  8178 | D:8      | Found a shadowy altar of Dithmenos.
  8741 | D:8      | Reached skill level 1 in Poison Magic
  8839 | D:8      | Slain by a wight

Illustrated notes

Levels and vault maps discovered:
D:1:      onia_arrival_mini_maze, layout_basic, minmay_tromino_v4_b
D:2:      layout_loops_ring, basic_altar
D:3:      layout_rooms, serial_shops, nicolae_shop_stone, kennysheep_nondescript
D:4:      layout_rooms, minmay_temple_entry_slanted
D:5:      kennysheep_spiral_hall, layout_loops_ring,
          yredelemnul_forgotten_temple_becter, mainiacjoe_overflow_alcove_1,
          st_stairs_10, minmay_misc_feat_roman, dk_vineyard_1,
          chequers_arboretum
D:6:      layout_gridville, minmay_strange_pillars, nicolae_fountain_basement
D:7:      layout_loops_ring, kennysheep_generic_room_9
D:8:      nzn_winding_woodlands_medium [nzn_winding_woodlands_5x5_cross,
          nzn_winding_woodlands_5x15_concentric,
          nzn_winding_woodlands_5x5_checkerboard,
          nzn_winding_woodlands_5x5_three,
          nzn_winding_woodlands_center_diamonds,
          nzn_winding_woodlands_5x5_closed_star,
          nzn_winding_woodlands_5x5_default, nzn_winding_woodlands_5x15_default,
          nzn_winding_woodlands_5x5_perimeter], layout_gridville,
          grunt_dithmenos_smoke_and_mirrors, kennysheep_mini,
          nicolae_gozag_seed_capital, nicolae_shop_i_like_small_books_too
Temple:   dpeg_three_leaves_temple

Skill      XL: |  1  2  3  4  5  6  7  8  9 |
---------------+----------------------------+-----
Polearms       | 3 4 5 6 |  6.0
Spellcasting   | 2 3 5 |  5.0
Ice Magic      | 1 3 4 5 6 8 |  8.0
Air Magic      | 2 3 4 |  4.0
Conjurations   | 2 3 4 |  4.0
Fighting       | 4 |  4.0
Poison Magic   | 2 |  2.0
Dodging        | |  2.6
Stealth        | |  5.4

Action                     |  1- 3 |  4- 6 |  7- 9 || total
---------------------------+-------+-------+-------++-------
  Melee: Spear             |   129 |    13 |       ||   142
         Halberd           |       |   158 |   367 ||   525
  Evoke: Wand              |       |     8 |    21 ||    29
    Use: Scroll            |       |     5 |    10 ||    15
         Potion            |       |     2 |     2 ||     4
   Stab: Sleeping          |    10 |     9 |     4 ||    23
         Distracted        |       |       |     1 ||     1
 Armour: Leather armour    |    40 |   104 |   296 ||   440
  Dodge: Dodged            |    51 |   115 |   252 ||   418

Table legend: (Time is in decaauts)
 A = Elapsed time spent in this place.
 B = Non-inter-level travel time spent in this place.
 C = Inter-level travel time spent in this place.
 D = Time resting spent in this place.
 E = Time spent auto-exploring this place.
 F = Levels seen in this place.
 G = Mean time per level.
                   A        B        C        D        E       F      G
               +--------+--------+--------+--------+--------+-----+--------+
         Total |   8981 |   8477 |    504 |   2513 |   3925 |   9 |  997.9 |
       Dungeon |   8957 |   8464 |    493 |   2513 |   3925 |   8 | 1119.6 |
        Temple |     24 |     13 |     11 |      0 |      0 |   1 |   24.0 |
               +--------+--------+--------+--------+--------+-----+--------+

Top non-repeatable levels by time:
     D:7: 1937 daAuts
     D:5: 1448 daAuts
     D:2: 1416 daAuts
     D:6: 1230 daAuts
     D:8: 796 daAuts
     D:1: 786 daAuts
     D:4: 757 daAuts
     D:3: 583 daAuts
  Temple: 24 daAuts
